 Dungeon Crawl Stone Soup version 0.26.1-2-gb8aa6d0cf2 (webtiles) character file.

Game seed: 5166877616213250890

984 Gabide the Magician (level 7, -4/47 HPs)
             Began as a Mummy Necromancer on Mar 19, 2021.
             Slain by a yak (14 damage)
             ... on level 5 of the Dungeon.
             The game lasted 00:18:01 (7327 turns).

Gabide the Magician (Mummy Necromancer)             Turns: 7327, Time: 00:18:01

Health: -4/47      AC:  6    Str: 11    XL:     7   Next: 97%
Magic:  2/18       EV: 12    Int: 17    God:
Gold:   333        SH:  0    Dex: 12    Spells: 7/21 levels left

rFire    x . .     SeeInvis .   b - +2 dagger
rCold    + . .     Faith    .   (no shield)
rNeg     + + +     Spirit   .   a - +0 robe
rPois    ∞         Reflect  .   (no helmet)
rElec    .         Harm     .   (no cloak)
rCorr    .         Rampage  .   (no gloves)
Will     .....                  (no boots)
Stlth    ++........             (no amulet)
HPRegen  0.15/turn              i - ring of wizardry
MPRegen  0.16/turn              e - +4 ring of protection

@: no status effects
A: no potions, fire vulnerability, cold resistance 1, negative energy resistance
3, torment resistance, unbreathing
a: no special abilities


You were on level 5 of the Dungeon.
You visited 1 branch of the dungeon, and saw 6 of its levels.

You collected 333 gold pieces.

Inventory:

Hand Weapons
 b - a +2 dagger (weapon)
Armour
 a - a +0 robe (worn)
 g - a +2 buckler
Jewellery
 e - a +4 ring of protection (right hand)
 f - a +6 ring of dexterity
 i - a ring of wizardry (left hand)
 k - an uncursed ring of ice {unknown}
 l - a cursed ring of attention {unknown}
Wands
 c - a wand of digging (5)
Scrolls
 d - 2 scrolls of remove curse
 j - a scroll of fear


   Skills:
 + Level 0.5 Fighting
 + Level 1.7 Short Blades
 + Level 2.1 Dodging
 + Level 1.8 Stealth
 + Level 7.9 Spellcasting
 + Level 7.1 Necromancy


You had 7 spell levels left.
You knew the following spells:

 Your Spells              Type           Power        Failure   Level
a - Pain                  Necr           100%         1%          1
b - Animate Skeleton      Necr           60%          1%          1
c - Vampiric Draining     Necr           15%          1%          3
d - Animate Dead          Necr           15%          2%          4
e - Agony                 Necr           30%          6%          5

Your spell library contained the following spells:

 Spells                   Type           Power        Failure   Level
 Apportation              Tloc           12%          4%          1
 Corona                   Hex            6%           4%          1
 Summon Small Mammal      Summ           24%          4%          1


Dungeon Overview and Level Annotations

Branches:
Dungeon (6/15)
 Temple: D:4-7

Altars:
Cheibriados
Qazlal
Sif Muna
Trog
Vehumet
Zin


Innate Abilities, Weirdness & Mutations

You do not drink.
Your flesh is vulnerable to fire.
You are immune to poison.
Your flesh is cold resistant. (rC+)
You are immune to negative energy. (rN+++)
You are immune to unholy pain and torment.
You can survive without breathing.


Message History

There is a stone staircase leading up here.
The yak gores you! x2; The yak closely misses you.
You climb upwards.
There is a stone staircase leading down here.
Casting: Agony (quite dangerous; 6% risk of failure)
Confirm with . or Enter, or press ? or * to list all spells.
The spell is quite dangerous to cast (6% risk of failure)!
Continue anyway?
Aiming: Agony (quite dangerous; 6% risk of failure)
Press: ? - help, Shift-Dir - straight line, f - yak
Aim: a yak (chance to affect: 93%)
The yak convulses!
The yak gores you.
* * * LOW HITPOINT WARNING * * *
The yak gores you.
* * * LOW HITPOINT WARNING * * *
The yak gores you but does no damage. The yak closely misses you.
The yak completely misses you.
There is a stone staircase leading up here.
The yak gores you!
You die...

#.# #.....# #.# #####.########
#.# ######.#......# ## #.#
#......#......###### #. #)#
#.####.#...........####. #.#
#.# ####...........+..#. #.#
#.# #.......##.....##.#.
#.####.# #.###.#####+#...#.#.
#.)..#.# #.#@....###.#.#.#.#.
#####.#.###.#Y..#..##.#...#.##
#...#.#.....Y.####.##...###.##
#.#.#.##....######.####.###...
#.#.#.##...Y.Y..>.............
#.#.#.#####...................
#.#.#.### #.............######
#.#.#...# #........######
#.#<#...# #........#


You could see 3 yaks.

Vanquished Creatures
  2 centaurs (D:5)
  A bullfrog (D:2)
  2 scorpions (D:5)
  2 howler monkeys (D:5)
  A hound (D:4)
  A bullfrog skeleton (D:4)
  An orc priest (D:3)
  4 orc wizards
  Jessica (D:2)
  Ijyb (D:4)
  An iguana (D:5)
  5 worker ants (D:5)
  A hound zombie (D:4)
  A worker ant zombie (D:5)
  8 adders
  A white imp (D:5)
  An ooze (D:2)
  3 worms
  5 dart slugs
  7 orcs
  7 ball pythons
  5 giant cockroaches
  6 hobgoblins
  6 jackals
  4 kobolds
  A quokka (D:3)
  2 bats (D:1)
  3 frilled lizards
  9 goblins
  8 rats
100 creatures vanquished.

Vanquished Creatures (collateral kills)
  A white imp (D:5)
  A leopard gecko skeleton (D:5)
2 creatures vanquished.

Vanquished Creatures (others)
  3 plants
3 creatures vanquished.

Grand Total: 105 creatures vanquished

Notes
Turn   | Place    | Note
-------+----------+-------------------------------------------
     0 | D:1      | Gabide the Mummy Necromancer began the quest for the Orb.
     0 | D:1      | Reached XP level 1. HP: 13/13 MP: 4/4
   659 | D:1      | Reached XP level 2. HP: 19/19 MP: 1/5
  1645 | D:2      | Reached XP level 3. HP: 22/24 MP: 2/7
  2044 | D:2      | Found a radiant altar of Vehumet.
  2201 | D:2      | Noticed Jessica
  2206 | D:2      | Killed Jessica
  2207 | D:2      | Reached XP level 4. HP: 30/30 MP: 6/10
  2328 | D:2      | Learned a level 1 spell: Animate Skeleton
  2332 | D:2      | Learned a level 3 spell: Vampiric Draining
  2727 | D:2      | Learned a level 4 spell: Animate Dead
  2802 | D:3      | Noticed a bullfrog
  2817 | D:2      | HP: 1/30 [bullfrog (1)]
  2818 | D:2      | Killed a bullfrog
  2819 | D:2      | Reached skill level 5 in Necromancy
  2819 | D:2      | Reached XP level 5. HP: 5/35 MP: 1/12
  3567 | D:3      | Reached skill level 5 in Spellcasting
  4174 | D:3      | Learned a level 5 spell: Agony
  4231 | D:3      | Found a stormy altar of Qazlal.
  4417 | D:4      | Reached XP level 6. HP: 19/41 MP: 11/14
  4740 | D:4      | Noticed Ijyb
  4748 | D:4      | Killed Ijyb
  5701 | D:4      | Found a shimmering blue altar of Sif Muna.
  5872 | D:5      | Entered Level 5 of the Dungeon
  6091 | D:5      | Reached skill level 1 in Short Blades
  6187 | D:5      | Reached XP level 7. HP: 47/47 MP: 11/16
  6937 | D:5      | Found a snail-covered altar of Cheibriados.
  6946 | D:5      | Found a bloodstained altar of Trog.
  6949 | D:5      | Found a glowing silver altar of Zin.
  7307 | D:6      | Found the amulet of the Four Winds {rN+ Will+++ Clar}
  7307 | D:6      | Noticed a yak
  7307 | D:6      | Noticed a yak
  7307 | D:6      | Noticed a yak
  7307 | D:6      | Noticed a yak
  7307 | D:6      | Noticed a yak
  7327 | D:5      | Slain by a yak

Illustrated notes

Levels and vault maps discovered:
D:1:      dpeg_arrival_radiant, layout_basic
D:2:      layout_basic, fiery_altar_vehumet, serial_bayou_pond_c,
          kennysheep_generic_room_7, uniq_jessica
D:3:      layout_rooms, marbit_many_paths
D:4:      layout_basic, led_sif_book, uniq_ijyb
D:5:      layout_basic, gammafunk_temple_overflow_forgotten
D:6:      layout_cave_pools

Skill      XL: |  1  2  3  4  5  6  7 |
---------------+----------------------+-----
Spellcasting   | 3 4 5 6 7 |  7.9
Necromancy     | 5 6 7 |  7.1
Dodging        | 2 |  2.1
Short Blades   | 1 |  1.7
Fighting       | |  0.5
Stealth        | |  1.8

Action                   |  1- 3 |  4- 6 |  7- 9 || total
-------------------------+-------+-------+-------++-------
Melee: Dagger            |    29 |    62 |    29 ||   120
       Unarmed           |    12 |       |       ||    12
 Cast: Pain              |    65 |   133 |    69 ||   267
       Vampiric Draining |       |     2 |       ||     2
       Animate Dead      |       |     4 |     1 ||     5
       Agony             |       |       |     3 ||     3
Evoke: Wand              |       |     1 |     2 ||     3
  Use: Scroll            |     4 |     7 |     2 ||    13
 Stab: Sleeping          |     1 |     2 |       ||     3
       Paralysed         |       |     1 |       ||     1
Armor: Robe              |     9 |    10 |    16 ||    35
Dodge: Dodged            |    40 |    65 |    29 ||   134
